 Dungeon Crawl Stone Soup version 0.31-a0-441-g867994ef1c (webtiles) character file.

Game seed: 4733345179768421457

1134 Hubris850 the Nimble (level 8, 0/55 (56) HPs)
             Began as a Merfolk Gladiator on Aug 2, 2023.
             Was a Follower of Makhleb.
             Slain by a gnoll
             ... wielding a +0 spear
             ... led by a gnoll bouda
              (3 damage)
             ... on level 7 of the Dungeon.
             The game lasted 00:11:34 (4752 turns).

Hubris850 the Nimble (Merfolk Gladiator)            Turns: 4752, Time: 00:11:36

HP:   0/55 (56)     AC:  7    Str: 21    XL:     8   Next: 36%
MP:   8/8           EV: 15    Int:  9    God:    Makhleb [*.....]
Gold: 336           SH:  0    Dex: 15    Spells: 7/7 levels left

rFire   . . .        A - +5 quarterstaff (chaos)
rCold   . . .        (shield currently unavailable)
rNeg    . . .        b - +0 leather armour
rPois   .            c - +0 helmet
rElec   .            B - +1 cloak
rCorr   .            I - +0 pair of gloves
SInv    .            (no boots)
Will    .....        (no amulet)
Stlth   +            j - +6 ring of strength
HPRegen 0.29/turn    (no ring)
MPRegen 0.11/turn

%: no passive effects
@: studying Shapeshifting, lightly drained
A: (nimble swimmer 2), mertail
a: Renounce Religion


You were on level 7 of the Dungeon.
You worshipped Makhleb.
Makhleb was aware of your devotion.
You visited 2 branches of the dungeon, and saw 8 of its levels.

You collected 336 gold pieces.

Inventory:

Hand Weapons
 a - a +0 long sword
 e - a +2 dagger of venom
 A - a +5 quarterstaff of chaos (weapon)
 F - a +1 long sword of draining
 L - a +0 hand axe of flaming
Missiles
 d - a throwing net
 f - a javelin
 l - 13 poisoned darts (quivered)
 J - 6 boomerangs
Armour
 b - a +0 leather armour (worn)
 c - a +0 helmet (worn)
 y - a +0 kite shield
 B - a +1 cloak (worn)
 I - a +0 pair of gloves (worn)
Jewellery
 j - a +6 ring of strength (left hand)
Wands
 v - a wand of mindburst (11)
Scrolls
 g - 2 scrolls of enchant weapon
 h - a scroll of torment {unknown}
 o - a scroll of revelation {unknown}
 r - a scroll of silence {unknown}
 t - 2 scrolls of enchant armour
 w - a scroll of amnesia {unknown}
 C - a scroll of fear {unknown}
 G - 2 scrolls of poison
 H - a scroll of brand weapon {unknown}
Potions
 i - 3 potions of curing
 k - 2 potions of attraction
 m - a potion of ambrosia
 n - a potion of cancellation {unknown}
 p - a potion of magic {unknown}
 q - a potion of enlightenment {unknown}
 s - 2 potions of invisibility {unknown}
 u - 2 potions of resistance {unknown}
 x - a potion of lignification {unknown}
 z - a potion of might {unknown}
 D - a potion of berserk rage {unknown}
 E - a potion of haste {unknown}
 K - a potion of degeneration {unknown}


   Skills:
 - Level 2.1 Fighting
 - Level 3.7(4.5) Short Blades
 - Level 3.9(4.6) Long Blades
 + Level 5.9 Staves
 - Level 2.0 Throwing
 - Level 8.0 Dodging


You had 7 spell levels left.
You didn't know any spells.
Your spell library contained the following spells:

 Spells                   Type           Power      Damage    Failure   Level
 Magic Dart               Conj           0%         1d3       43%         1
 Call Imp                 Summ           0%         N/A       56%         2
 Poisonous Vapours        Pois/Air       0%         N/A       56%         2
 Mephitic Cloud           Conj/Pois/Air  0%         N/A       80%         3
 Volatile Blastmotes      Fire/Tloc      0%         2d10      80%         3
 Fulminant Prism          Conj/Hex       0%         3d5       99%         4
 Iskenderun's Mystic Bla  Conj/Tloc      0%         2d3       99%         4
 Freezing Cloud           Conj/Ice/Air   0%         6-21      100%        5


Dungeon Overview and Level Annotations

Branches:
Dungeon (7/15)             Temple (1/1) D:4

Altars:
Ashenzari
Cheibriados
Fedhas
Hepliaklqana
Makhleb
Okawaru
Ru
Uskayaw
Vehumet
Wu Jian
Xom
Yredelemnul
Zin
The Shining One


Innate Abilities, Weirdness & Mutations

((You are very nimble when in or above water. (Stealth+, EV+, Speed+++)))
Your lower body shifts to a powerful aquatic tail in water.


Message History

The gnoll hits you from afar with a +0 spear.
The gnoll bouda hits you with a +0 club.
You closely miss the gnoll. The gnoll barely misses you.
The gnoll hits you with a +0 whip.
The gnoll hits you from afar with a +0 spear.
The gnoll bouda barely misses you.
You hit the gnoll.
The gnoll is heavily wounded.
The gnoll misses you. x2; The gnoll barely misses you.
The gnoll bouda barks out a call to the hunt!
The gnolls pick up the pace!
You closely miss the gnoll.
The gnoll is heavily wounded.
The gnoll completely misses you.
The gnoll hits you from afar with a +0 spear.
The gnoll bouda barely misses you.
You barely miss the gnoll.
The gnoll is heavily wounded.
The gnoll misses you. The gnoll barely misses you.
The gnoll completely misses you.
The gnoll bouda hits you with a +0 club!
The wight hits you with a +3 mace!
You thump the gnoll!
You kill the gnoll!
Makhleb accepts your kill. The gnoll hits you with a +0 whip.
The wight hits you with a +3 mace.
* * * LOW HITPOINT WARNING * * *
The gnoll barely misses you. The gnoll bouda barely misses you.
The wight closely misses you. The gnoll misses you. The gnoll bouda misses you.
There is a stone staircase leading up, spattered with blood here.
Things that are here:
a +0 whip; a gnoll corpse Unknown command.
The gnoll hits you but does no damage.
The wight hits you with a +4 great sword.
* * * LOW HITPOINT WARNING * * *
You feel drained. The wight hits you with a +3 mace!
* * * LOW HITPOINT WARNING * * *
The gnoll hits you from afar with a +0 spear.
You die...

#######
#.....#
#....)#
#..gzg#
#...g@#
#...zz#
...##.###
.. #. .
#. #


You could see a gnoll bouda, 3 wights and 2 gnolls.

Vanquished Creatures
  A water moccasin (D:6)
  2 phantoms (D:6)
  A kobold brigand (D:5)
  2 scorpions (D:5)
  A wight (D:5)
  2 howler monkeys
  8 hounds
  Crazy Yiuf (D:3)
  A sleepcap (D:4)
  3 iguanas
  2 gnolls (D:7)
  7 adders
  A white imp (D:6)
  2 ufetubi (D:6)
  A worm (D:4)
  2 dart slugs
  2 orcs
  10 endoplasms
  4 giant cockroaches
  10 goblins
  9 hobgoblins
  5 jackals
  3 kobolds
  3 quokkas
  8 ball pythons
  8 bats
  6 rats
105 creatures vanquished.

Notes
Turn   | Place    | Note
-------+----------+-------------------------------------------
     0 | D:1      | Hubris850 the Merfolk Gladiator began the quest for the
                  | Orb.
     0 | D:1      | Reached XP level 1. HP: 16/16 MP: 1/1
    54 | D:1      | Reached XP level 2. HP: 20/22 MP: 2/2
    77 | D:1      | Reached skill level 1 in Short Blades
   183 | D:1      | Reached XP level 3. HP: 26/27 MP: 3/3
   258 | D:1      | Found a faded altar of an unknown god.
   342 | D:1      | Reached skill level 5 in Dodging
   968 | D:2      | Reached XP level 4. HP: 33/33 MP: 4/4
  1405 | D:3      | Found a hazy altar of Hepliaklqana.
  1446 | D:3      | You fall into a shaft and drop 1 floor!
  1456 | D:4      | Found a staircase to the Ecumenical Temple.
  1473 | D:4      | HP: 1/33 [goblin/+0 dagger (2)]
  1663 | D:3      | Reached XP level 5. HP: 38/38 MP: 5/5
  1783 | D:3      | Found a radiant altar of Vehumet.
  1832 | D:3      | Found a shimmering altar of Xom.
  1909 | D:3      | Found a runed translucent door.
  1910 | D:3      | Noticed Crazy Yiuf
  1918 | D:3      | Killed Crazy Yiuf
  1919 | D:3      | Reached skill level 6 in Dodging
  2208 | D:4      | Found a glowing silver altar of Zin.
  2450 | Temple   | Entered the Ecumenical Temple
  2525 | Temple   | Became a worshipper of Makhleb the Destroyer
  2730 | D:4      | Reached skill level 1 in Staves
  2730 | D:4      | Reached XP level 6. HP: 41/44 MP: 6/6
  3036 | D:5      | Entered Level 5 of the Dungeon
  3187 | D:5      | Reached skill level 7 in Dodging
  3342 | D:5      | Reached XP level 7. HP: 6/50 MP: 7/7
  3426 | D:5      | Reached skill level 8 in Dodging
  3629 | D:5      | Found a basalt altar of Yredelemnul.
  3629 | D:5      | Found a broken altar of Ashenzari.
  4178 | D:6      | Reached * piety under Makhleb
  4182 | D:6      | Reached XP level 8. HP: 22/56 MP: 8/8
  4217 | D:6      | Reached skill level 5 in Staves
  4752 | D:7      | Slain by a gnoll

Illustrated notes

Levels and vault maps discovered:
D:1:      minmay_arrival_jagged, layout_rooms, dreamdust_ecumenical_altar_grove
D:2:      layout_loops_corners
D:3:      layout_rooms, general_overflow_altar, mainiacjoe_overflow_catwalk,
          old_standard_altar, uniq_crazy_yiuf_cottage
D:4:      layout_loops_ring, kennysheep_mini, minmay_temple_entry_mini_moons
D:5:      layout_gridville, gammafunk_temple_overflow_wave,
          minmay_splitting_lines, minmay_manual_monstrance
D:6:      layout_gridville
D:7:      layout_loops_cross, mainiacjoe_overflow_chevrons,
          mainiacjoe_overflow_concentric_impassable, hangedman_decor_opposing,
          uniq_duvessa, uniq_pikel, uniq_joseph
Temple:   hellmonk_temple_beads

Skill      XL: |  1  2  3  4  5  6  7  8 |
---------------+-------------------------+-----
Short Blades   | 1 2 3 |  3.7
Dodging        | 5 6 7 8 |  8.0
Staves         | 1 2 4 5 |  5.9
Fighting       | |  2.1
Long Blades    | |  3.9
Throwing       | |  2.0

Action                     |  1- 3 |  4- 6 |  7- 9 || total
---------------------------+-------+-------+-------++-------
  Melee: Dagger            |   115 |    52 |       ||   167
         Long sword        |     2 |       |       ||     2
         Punch             |     2 |       |       ||     2
         Quarterstaff      |       |    47 |    92 ||   139
  Throw: Javelin           |     1 |       |       ||     1
         Throwing net      |       |     2 |       ||     2
         Dart              |       |     6 |    14 ||    20
    Use: Scroll            |       |       |     6 ||     6
   Stab: Sleeping          |       |     2 |       ||     2
 Armour: Leather armour    |    25 |    13 |    40 ||    78
  Dodge: Dodged            |    77 |    60 |   103 ||   240

Table legend: (Time is in decaauts)
 A = Elapsed time spent in this place.
 B = Non-inter-level travel time spent in this place.
 C = Inter-level travel time spent in this place.
 D = Time resting spent in this place.
 E = Time spent auto-exploring this place.
 F = Levels seen in this place.
 G = Mean time per level.
                   A        B        C        D        E       F      G
               +--------+--------+--------+--------+--------+-----+--------+
         Total |   4740 |   4526 |    214 |    465 |   3197 |   8 |  592.5 |
       Dungeon |   4646 |   4489 |    157 |    465 |   3197 |   7 |  663.7 |
        Temple |     94 |     37 |     57 |      0 |      0 |   1 |   94.0 |
               +--------+--------+--------+--------+--------+-----+--------+

Top non-repeatable levels by time:
     D:5: 1092 daAuts
     D:4: 875 daAuts
     D:2: 849 daAuts
     D:3: 660 daAuts
     D:6: 620 daAuts
     D:1: 535 daAuts
  Temple: 94 daAuts
     D:7: 11 daAuts
